[Event "ICC tourney 2161 (75 10)"]
[Site "Internet Chess Club"]
[Date "2020.11.27"]
[Round "2"]
[White "kchinta346"]
[Black "sidb123"]
[Result "0-1"]
[ICCResult "White checkmated"]
[WhiteElo "1695"]
[BlackElo "1389"]
[Opening "Réti: old Indian attack"]
[ECO "A06"]
[NIC "QP.09"]
[Time "14:46:26"]
[PlyCount "86"]
[TimeControl "4500+10"]


1. Nf3 d5 2. d3 Nf6 3. g3 Nc6 4. Bg2 e5 5. O-O Bc5 6. Nc3 O-O 7. Nd2 Re8 8.
e4 d4 9. Ne2 Bd7 10. f4 Ng4 11. Nb3 Bb6 12. f5 Ne3 13. Bxe3 dxe3 14. Kh1
Qf6 15. Nc3 Nd4 16. Nxd4 exd4 17. Nd5 Qh6 18. a4 a5 19. Rf4 Bc6 20. Rh4 Qd6
21. Qh5 h6 22. f6 Bxd5 23. exd5 Qxf6 24. Rf1 Qg6 25. Qe2 Re5 26. Be4 Qd6
27. Rhf4 Rf8 28. Qf3 Qe7 29. Bg6 e2 30. Bxf7+ Rxf7 31. Re1 Rxf4 32. Qxf4
Bc5 33. c3 dxc3 34. d4 Re4 35. Qf3 Bxd4 36. bxc3 Re3 37. Qf4 Bxc3 38. Rc1
e1=Q+ 39. Rxe1 Rxe1+ 40. Kg2 Re2+ 41. Kh1 Ra2 42. d6 Qe1+ 43. Qf1 Qxf1# {
White checkmated } 0-1

[Event "ICC tourney 2161 (75 10)"]
[Site "Internet Chess Club"]
[Date "2020.11.27"]
[Round "2"]
[White "Cooliguess"]
[Black "AbleCompany"]
[Result "1-0"]
[ICCResult "Black resigns"]
[WhiteElo "1750"]
[BlackElo "1568"]
[Opening "King's Indian: Makagonov system (5.h3)"]
[ECO "E71"]
[NIC "KI.30"]
[Time "14:46:34"]
[PlyCount "77"]
[TimeControl "4500+10"]


1. d4 Nf6 2. c4 g6 3. Nc3 Bg7 4. e4 d6 5. h3 O-O 6. Bg5 h6 7. Be3 e5 8. d5
Na6 9. f3 Nh5 10. Nge2 f5 11. exf5 gxf5 12. Qd2 f4 13. Bf2 Bf5 14. Rg1 Nc5
15. Nc1 e4 16. fxe4 Bxc3 17. Qxc3 Nxe4 18. Qf3 Nxf2 19. Qxf2 Qe7+ 20. Qe2
Qh4+ 21. Qf2 Rae8+ 22. Ne2 Rxe2+ 23. Bxe2 Ng3 24. O-O-O Qg5 25. Bf3 Ne4 26.
Bxe4 Bxe4 27. h4 Qg4 28. Rde1 Bg6 29. Qe2 Qxh4 30. Qe6+ Bf7 31. Qe7 Qg3 32.
Qxc7 Bg6 33. Qxb7 Qf2 34. Qb3 Kh7 35. Qc3 Re8 36. Qd2 Rxe1+ 37. Rxe1 Qc5
38. Qxf4 Qc7 39. Re6 { Black resigns } 1-0

[Event "ICC tourney 2161 (75 10)"]
[Site "Internet Chess Club"]
[Date "2020.11.27"]
[Round "2"]
[White "Florina12345"]
[Black "Clairehouses"]
[Result "1-0"]
[ICCResult "Black checkmated"]
[WhiteElo "1330"]
[BlackElo "1566"]
[Opening "Sicilian: Najdorf variation"]
[ECO "B98"]
[NIC "SI.09"]
[Time "14:46:51"]
[PlyCount "101"]
[TimeControl "4500+10"]


1. e4 c5 2. Nf3 d6 3. d4 cxd4 4. Nxd4 Nf6 5. Nc3 a6 6. Bg5 e6 7. f4 Be7 8.
Qf3 Qc7 9. g4 Nbd7 10. O-O-O b5 11. Bxf6 Nxf6 12. g5 Nd7 13. h4 b4 14. Nce2
Nc5 15. Bh3 Bb7 16. Ng3 g6 17. h5 Bf8 18. Rhe1 Be7 19. Qg4 e5 20. fxe5 dxe5
21. Nb3 Nxb3+ 22. axb3 Bc8 23. Qh4 Bxh3 24. Qxh3 Bxg5+ 25. Kb1 Rc8 26. Re2
Rd8 27. Rd5 O-O 28. hxg6 fxg6 29. Qe6+ Kh8 30. Ka2 a5 31. Rh2 Rf6 32. Qg4
Bf4 33. Qh4 Rfd6 34. Rxd6 Rxd6 35. Rh1 a4 36. bxa4 Ra6 37. Kb1 Rxa4 38.
Qf6+ Kg8 39. Nf5 Qf7 40. Ne7+ Kf8 41. Nxg6+ Ke8 42. Qh8+ Kd7 43. Rd1+ Kc6
44. Qc8+ Qc7 45. Ne7+ Kb6 46. Nd5+ Kb5 47. Nxc7+ Kb6 48. Nd5+ Kb5 49. c4+
Ka5 50. Qc5+ Ka6 51. Qb6# { Black checkmated } 1-0

[Event "ICC tourney 2161 (75 10)"]
[Site "Internet Chess Club"]
[Date "2020.11.27"]
[Round "2"]
[White "mehtaaditya"]
[Black "dangdang2000"]
[Result "0-1"]
[ICCResult "White checkmated"]
[WhiteElo "1511"]
[BlackElo "1257"]
[Opening "Four knights: double Ruy Lopez"]
[ECO "C49"]
[NIC "KP.03"]
[Time "14:46:48"]
[PlyCount "122"]
[TimeControl "4500+10"]


1. e4 e5 2. Nf3 Nc6 3. Bb5 Nf6 4. Nc3 Bb4 5. d3 d6 6. h3 Bd7 7. O-O a6 8.
Ba4 O-O 9. Bg5 Bxc3 10. bxc3 b5 11. Bb3 Re8 12. Re1 Qe7 13. d4 Rad8 14. d5
Na5 15. Qd3 c5 16. dxc6 Nxc6 17. Rad1 Be6 18. c4 bxc4 19. Bxc4 Nb4 20. Qb3
a5 21. c3 Bxc4 22. Qxc4 Rc8 23. Qb3 Nc6 24. Qa3 Red8 25. Nh4 Qe6 26. Nf5 d5
27. Bxf6 Qxf6 28. exd5 Qxf5 29. dxc6 Rxd1 30. Rxd1 h6 31. Qd6 Kh7 32. c7
Qc2 33. Qd3+ Qxd3 34. Rxd3 Rxc7 35. Rd5 Rxc3 36. Rxa5 f6 37. a4 Kg8 38.
Ra8+ Kf7 39. Ra7+ Kg6 40. a5 Ra3 41. Kh2 h5 42. a6 Ra2 43. f3 Ra4 44. Ra8
Kg5 45. Ra7 g6 46. Ra8 f5 47. a7 Ra5 48. Kg1 Ra1+ 49. Kf2 Ra3 50. g3 h4 51.
gxh4+ Kf4 52. Rg8 Rxa7 53. Rxg6 Ra2+ 54. Kg1 Kxf3 55. h5 Ra1+ 56. Kh2 Ra2+
57. Kh1 Ra1+ 58. Rg1 Ra7 59. Rf1+ Kg3 60. Rxf5 Ra1+ 61. Rf1 Rxf1# { White
checkmated } 0-1

[Event "ICC tourney 2161 (75 10)"]
[Site "Internet Chess Club"]
[Date "2020.11.27"]
[Round "2"]
[White "kevin2010"]
[Black "RaymondJiang1"]
[Result "0-1"]
[ICCResult "White resigns"]
[WhiteElo "1154"]
[BlackElo "1456"]
[Opening "Queen's pawn game"]
[ECO "D04"]
[NIC "QP.08"]
[Time "14:46:26"]
[PlyCount "96"]
[TimeControl "4500+10"]


1. d4 d5 2. Nf3 Nf6 3. e3 Bf5 4. Bd3 Bg6 5. O-O Nc6 6. c3 e6 7. Nbd2 Bd6 8.
Re1 Ne4 9. Qc2 Nxd2 10. Qxd2 Be4 11. Qe2 Qf6 12. Bxe4 dxe4 13. Nd2 Qg6 14.
f3 exf3 15. Nxf3 O-O-O 16. Bd2 h5 17. Rf1 f5 18. h3 Qf6 19. Qf2 h4 20. Rae1
Bg3 21. Qe2 Bxe1 22. Qxe1 e5 23. Nh2 exd4 24. cxd4 Qe6 25. Nf3 Qe7 26. g3
g6 27. gxh4 Qe4 28. Ng5 Qxh4 29. Qxh4 Rxh4 30. Nf3 Rxh3 31. Kg2 Rdh8 32.
Re1 g5 33. Re2 g4 34. Ng1 Rh2+ 35. Kf1 Rxe2 36. Kxe2 Rh2+ 37. Kd3 b5 38. e4
fxe4+ 39. Ke3 Nxd4 40. Kxd4 Rxd2+ 41. Kc3 Rd3+ 42. Kc2 g3 43. b4 Kd7 44.
Ne2 g2 45. Ng1 Rf3 46. Kd2 Rf1 47. Nh3 g1=Q 48. Nxg1 Rxg1 { White resigns }
0-1

[Event "ICC tourney 2161 (75 10)"]
[Site "Internet Chess Club"]
[Date "2020.11.27"]
[Round "2"]
[White "donquiscot"]
[Black "fhunfi"]
[Result "0-1"]
[ICCResult "White checkmated"]
[WhiteElo "1585"]
[BlackElo "1698"]
[Opening "French: Winawer, advance variation"]
[ECO "C17"]
[NIC "FR.10"]
[Time "14:46:33"]
[PlyCount "130"]
[TimeControl "4500+10"]


1. e4 e6 2. d4 d5 3. Nc3 Bb4 4. e5 c5 5. Nf3 Ne7 6. Bb5+ Bd7 7. O-O Nbc6 8.
a3 Bxc3 9. bxc3 Nxe5 10. Bxd7+ Nxd7 11. dxc5 Qa5 12. Be3 Nf5 13. Bd4 Nxc5
14. Ne5 Ne4 15. Qd3 O-O 16. f3 Ned6 17. Bf2 Rfc8 18. Be1 Nc4 19. Nxc4 Rxc4
20. Bd2 Rac8 21. Rfb1 Qc5+ 22. Kf1 Qe7 23. Rb4 b6 24. a4 Qh4 25. Kg1 Rxb4
26. cxb4 Qc4 27. a5 b5 28. Qxc4 Rxc4 29. c3 a6 30. Kf2 Kf8 31. Rc1 Ke7 32.
Ke2 Nd6 33. Kd3 f6 34. Re1 e5 35. Be3 Kf7 36. Bc5 Nb7 37. Be3 Nd8 38. Bd2
Nc6 39. Rb1 f5 40. g3 e4+ 41. fxe4 Rxe4 42. Be3 Ne5+ 43. Ke2 Nc4 44. Rf1
Rxe3+ 45. Kd1 Ke6 46. g4 g6 47. gxf5+ gxf5 48. Rg1 Kf7 49. Rg5 Re5 50. Rh5
Kg6 51. Rh3 Re3 52. Rxe3 Nxe3+ 53. Ke2 f4 54. Kf3 Kf5 55. h3 Nd1 56. Ke2
Ke4 57. Kxd1 Ke3 58. Ke1 f3 59. h4 f2+ 60. Kf1 Kf3 61. h5 h6 62. c4 d4 63.
cxb5 d3 64. bxa6 d2 65. a7 d1=R# { White checkmated } 0-1

[Event "ICC tourney 2161 (75 10)"]
[Site "Internet Chess Club"]
[Date "2020.11.27"]
[Round "2"]
[White "shrey16ultimate"]
[Black "Surajo"]
[Result "0-1"]
[ICCResult "White checkmated"]
[WhiteElo "1606"]
[BlackElo "1771"]
[Opening "Queen's pawn, Mason variation"]
[ECO "D00"]
[NIC "QP.08"]
[Time "14:46:35"]
[PlyCount "82"]
[TimeControl "4500+10"]


1. d4 d5 2. Bf4 Nf6 3. e3 e6 4. c4 c5 5. Nf3 Nc6 6. Nc3 Be7 7. Bd3 a6 8.
O-O O-O 9. b3 Nh5 10. Bg3 Nxg3 11. hxg3 Bf6 12. cxd5 exd5 13. Rc1 cxd4 14.
Nxd4 Ne5 15. Bb1 Ng4 16. Qd3 g6 17. Rfd1 Bg7 18. Nde2 Qg5 19. Nxd5 Qh6 20.
f3 Qh2+ 21. Kf1 Ne5 22. Qe4 Be6 23. Kf2 Qh5 24. Rh1 Bxd5 25. Qxd5 Ng4+ 26.
fxg4 Qxd5 27. Rhd1 Qe5 28. Nf4 Rfe8 29. e4 Rad8 30. Nd5 Rxd5 31. Rxd5 Qb2+
32. Rc2 Qxb1 33. Rdd2 Bd4+ 34. Ke2 Qg1 35. Kd3 Qe3+ 36. Kc4 b5+ 37. Kb4
Bc3+ 38. Rxc3 Qxd2 39. g5 Rxe4+ 40. Ka3 Qxc3 41. g4 Ra4# { White checkmated
} 0-1

[Event "ICC tourney 2161 (75 10)"]
[Site "Internet Chess Club"]
[Date "2020.11.27"]
[Round "2"]
[White "hggonzalezzss"]
[Black "virajphadke"]
[Result "1-0"]
[ICCResult "Black resigns"]
[WhiteElo "1767"]
[BlackElo "1589"]
[Opening "Two knights defense (Modern bishop's opening)"]
[ECO "C55"]
[NIC "IG.01"]
[Time "14:46:38"]
[PlyCount "93"]
[TimeControl "4500+10"]


1. e4 e5 2. Nf3 Nc6 3. Bc4 Nf6 4. d3 Be7 5. Nc3 O-O 6. a3 d6 7. h3 h6 8. b4
a6 9. Bb2 Be6 10. Bxe6 fxe6 11. Ne2 Nh7 12. d4 Ng5 13. Nxg5 Bxg5 14. O-O
Qe7 15. dxe5 dxe5 16. c3 Rad8 17. Qb3 Rd2 18. Ng3 Rdd8 19. a4 Bh4 20. Nf5
Qf6 21. Nxh4 Qxh4 22. Qxe6+ Kh8 23. f3 Rd6 24. Qb3 Rg6 25. Kh1 Qg3 26. Qc2
Rd8 27. Rad1 Rgd6 28. b5 axb5 29. axb5 Rg6 30. bxc6 Rxd1 31. Rxd1 bxc6 32.
c4 Rd6 33. Rxd6 cxd6 34. c5 dxc5 35. Qxc5 h5 36. Bxe5 Qg6 37. Qf8+ Kh7 38.
Qf5 Qxf5 39. exf5 Kg8 40. g4 hxg4 41. fxg4 Kf7 42. g5 g6 43. f6 Ke6 44. Bb2
c5 45. Kg2 c4 46. Kf3 c3 47. Bxc3 { Black resigns } 1-0

[Event "ICC tourney 2161 (75 10)"]
[Site "Internet Chess Club"]
[Date "2020.11.27"]
[Round "2"]
[White "lerui"]
[Black "otcm"]
[Result "0-1"]
[ICCResult "White checkmated"]
[WhiteElo "1146"]
[BlackElo "1448"]
[Opening "Sicilian"]
[ECO "B50"]
[NIC "SI.01"]
[Time "14:46:43"]
[PlyCount "144"]
[TimeControl "4500+10"]


1. e4 c5 2. Nf3 d6 3. Be2 Nf6 4. Nc3 g6 5. d3 Bg7 6. Bf4 O-O 7. O-O Nc6 8.
h3 Bd7 9. Re1 Qb6 10. Rb1 a6 11. a3 Nd4 12. Qd2 Qc7 13. Be3 Nxe2+ 14. Qxe2
b5 15. Qd2 Rfc8 16. Rec1 c4 17. dxc4 Qxc4 18. Qd3 Qxd3 19. cxd3 a5 20. Bd2
Ra6 21. Ne2 Rxc1+ 22. Rxc1 Ra7 23. Be3 Rb7 24. Bd2 a4 25. Ng3 h6 26. Kf1 g5
27. Ke2 Ne8 28. Rb1 Rc7 29. Nh5 Bh8 30. Kd1 Be6 31. d4 Bb3+ 32. Ke1 Bc2 33.
Rc1 Bxe4 34. Rxc7 Nxc7 35. Bc3 Ne6 36. Ke2 Bxf3+ 37. Kxf3 Nxd4+ 38. Ke4 Ne6
39. Bxh8 Kxh8 40. g4 Nc5+ 41. Kd4 Kh7 42. Ng3 Kg6 43. Nf5 Nb3+ 44. Kc3 Kf6
45. Nxh6 e6 46. Ng8+ Ke5 47. Ne7 Nd4 48. Nc8 d5 49. Nb6 Ke4 50. Nd7 Nb3 51.
Nf6+ Kf4 52. Kd3 d4 53. Ne4 e5 54. Nd6 Kf3 55. Nxf7 e4+ 56. Kc2 d3+ 57. Kd1
Kxf2 58. Nxg5 e3 59. Ne4+ Kf3 60. Ng5+ Kf4 61. Ne6+ Ke5 62. Ng5 e2+ 63. Ke1
Nd4 64. Nf7+ Kf6 65. g5+ Kxf7 66. g6+ Kxg6 67. Kd2 Nf3+ 68. Kxd3 e1=Q 69.
Kc2 Qd2+ 70. Kb1 Ne5 71. Ka2 Nd3 72. Ka1 Qxb2# { White checkmated } 0-1

[Event "ICC tourney 2161 (75 10)"]
[Site "Internet Chess Club"]
[Date "2020.11.27"]
[Round "2"]
[White "JavierDix"]
[Black "LittleJimmy"]
[Result "1/2-1/2"]
[ICCResult "Game drawn by mutual agreement"]
[WhiteElo "1421"]
[BlackElo "1489"]
[Opening "Queen's bishop game"]
[ECO "D02"]
[NIC "QP.08"]
[Time "14:47:06"]
[PlyCount "107"]
[TimeControl "4500+10"]


1. d4 d5 2. Nf3 Nf6 3. Bf4 Bf5 4. e3 e6 5. Ne5 Nbd7 6. Bb5 c6 7. Bd3 Bg6 8.
Nd2 Nxe5 9. dxe5 Nh5 10. Bg3 Nxg3 11. hxg3 Bxd3 12. cxd3 Bb4 13. a3 Bxd2+
14. Qxd2 O-O 15. d4 Qb6 16. Qc2 h6 17. g4 Qa5+ 18. b4 Qd8 19. f4 f6 20. Qg6
Qe8 21. Rxh6 Qxg6 22. Rxg6 Kh7 23. f5 exf5 24. gxf5 fxe5 25. g4 exd4 26.
exd4 Rae8+ 27. Kd2 Re4 28. Rh1+ Kg8 29. Kd3 Rfe8 30. Rh3 Rf4 31. Re3 Rxe3+
32. Kxe3 Re4+ 33. Kd3 Kf7 34. a4 Re7 35. a5 Re1 36. a6 Rb1 37. axb7 Rxb4
38. Rxc6 Rxb7 39. Ra6 Ke7 40. Rg6 Kf7 41. Ra6 Ke7 42. g5 Kf7 43. g6+ Kf8
44. Ke3 Re7+ 45. Kd3 Rb7 46. Kc3 Rc7+ 47. Kb3 Rc4 48. Rxa7 Rxd4 49. Kc3 Rf4
50. Rf7+ Kg8 51. Kd3 d4 52. Rd7 Rxf5 53. Kxd4 Kf8 54. Rd5 { Game drawn by
mutual agreement } 1/2-1/2

[Event "ICC tourney 2161 (75 10)"]
[Site "Internet Chess Club"]
[Date "2020.11.27"]
[Round "2"]
[White "RatislavK"]
[Black "kirikiri007"]
[Result "1-0"]
[ICCResult "Black resigns"]
[WhiteElo "1191"]
[BlackElo "1577"]
[Opening "Queen's pawn game, Darooha variation "]
[ECO "D02"]
[NIC "QP.08"]
[Time "14:46:54"]
[PlyCount "79"]
[TimeControl "4500+10"]


1. d4 d5 2. Nf3 Nf6 3. g3 Bf5 4. Bg2 e6 5. O-O Bd6 6. c4 c6 7. c5 Be7 8.
Qb3 Qc7 9. Bf4 Qc8 10. Nc3 Nbd7 11. Qa3 O-O 12. h3 h6 13. b4 b6 14. Qb2 b5
15. a4 a6 16. Ra3 Qb7 17. Rfa1 g5 18. Bc1 Ra7 19. a5 Ne4 20. Nxe4 Bxe4 21.
Qd2 Raa8 22. h4 f6 23. Bh3 Kf7 24. Qe3 Rg8 25. hxg5 hxg5 26. Nd2 Rh8 27.
Bxe6+ Kxe6 28. f3 f5 29. fxe4 fxe4 30. Nxe4 dxe4 31. Qxe4+ Kf7 32. Rf3+ Bf6
33. Bxg5 Kg7 34. Qg4 Kf7 35. Raf1 Rag8 36. Rxf6+ Nxf6 37. Rxf6+ Ke8 38.
Qe6+ Kd8 39. Rf7+ Qe7 40. Qxe7+ { Black resigns } 1-0

[Event "ICC tourney 2161 (75 10)"]
[Site "Internet Chess Club"]
[Date "2020.11.27"]
[Round "2"]
[White "trucker"]
[Black "EW2006"]
[Result "0-1"]
[ICCResult "White forfeits on time"]
[WhiteElo "1664"]
[BlackElo "1249"]
[Opening "Ruy Lopez: Berlin defense, 4.O-O, d6"]
[ECO "C66"]
[NIC "RL.07"]
[Time "14:46:37"]
[PlyCount "110"]
[TimeControl "4500+10"]


1. e4 e5 2. Nf3 Nc6 3. Bb5 Nf6 4. O-O d6 5. c3 a6 6. Ba4 Bg4 7. h3 Bxf3 8.
Qxf3 b5 9. Bb3 Na5 10. Bc2 c5 11. d3 Be7 12. Re1 O-O 13. Nd2 Qc7 14. Nf1
Nd7 15. Ne3 Nb6 16. Nf5 Bf6 17. Be3 Nc6 18. Rad1 Rfd8 19. g4 Be7 20. Kg2 f6
21. h4 d5 22. exd5 Nxd5 23. Bb3 c4 24. dxc4 Nxe3+ 25. Rxe3 Kh8 26. cxb5
axb5 27. Rd5 Rab8 28. Red3 Bf8 29. h5 e4 30. Qxe4 Re8 31. Qf3 Ne5 32. Qg3
b4 33. f3 Qc6 34. Re3 bxc3 35. Rxc3 Qa8 36. Rd4 Qb7 37. Qf4 Qa6 38. Re4 Nd3
39. Qd2 Rxe4 40. fxe4 Ne5 41. h6 g6 42. Ng3 Bb4 43. g5 fxg5 44. Qxg5 Bxc3
45. bxc3 Qd6 46. Nf5 Qc6 47. Ng3 Nd3 48. Qe7 Qxc3 49. Kh3 Qe5 50. Qf7 Nf4+
51. Kg4 Nh5 52. Nxh5 Qxh5+ 53. Kg3 Qg5+ 54. Kf3 Qxh6 55. Ke2 g5 { White
forfeits on time } 0-1

[Event "ICC tourney 2161 (75 10)"]
[Site "Internet Chess Club"]
[Date "2020.11.27"]
[Round "2"]
[White "sushivishwa"]
[Black "tcrgm"]
[Result "1-0"]
[ICCResult "Black checkmated"]
[WhiteElo "1755"]
[BlackElo "1582"]
[Opening "French: Tarrasch, open variation"]
[ECO "C07"]
[NIC "FR.18"]
[Time "14:46:26"]
[PlyCount "77"]
[TimeControl "4500+10"]


1. e4 e6 2. d4 d5 3. Nd2 c5 4. Ngf3 Nc6 5. Bb5 Qb6 6. Bxc6+ bxc6 7. O-O
cxd4 8. exd5 cxd5 9. Nb3 Nf6 10. Nbxd4 Bc5 11. Re1 O-O 12. c3 Ne4 13. Qb3
Qc7 14. Be3 Ba6 15. Qc2 e5 16. Nf5 Bxe3 17. Nxe3 Rad8 18. Nxd5 Rxd5 19.
Qxe4 Bb7 20. Ng5 g6 21. Qh4 h5 22. Ne4 Rb5 23. Nf6+ Kg7 24. Rad1 Qc6 25.
Ne4 f5 26. Rd6 Qc4 27. Rd7+ Kh8 28. Nf6 Qf7 29. Rxf7 Rxf7 30. Qc4 Rxf6 31.
Qxb5 Rb6 32. Qxe5+ Kh7 33. b3 Kh6 34. h4 Kh7 35. Qe7+ Kh6 36. Qg5+ Kh7 37.
Re7+ Kg8 38. Qh6 g5 39. Qg7# { Black checkmated } 1-0

[Event "ICC tourney 2161 (75 10)"]
[Site "Internet Chess Club"]
[Date "2020.11.27"]
[Round "2"]
[White "Khammurabi"]
[Black "CoarseCrown"]
[Result "0-1"]
[ICCResult "White resigns"]
[WhiteElo "1601"]
[BlackElo "1744"]
[Opening "Sicilian: Smith-Morra gambit"]
[ECO "B21"]
[NIC "SI.48"]
[Time "14:46:59"]
[PlyCount "94"]
[TimeControl "4500+10"]


1. e4 c5 2. d4 cxd4 3. c3 d3 4. f4 d5 5. e5 Bf5 6. Bxd3 Bxd3 7. Qxd3 Nc6 8.
Nf3 e6 9. Be3 Nge7 10. Nbd2 Nf5 11. Bf2 Be7 12. h4 h5 13. O-O-O Qa5 14. Kb1
Qa4 15. g3 Rd8 16. Nb3 Qe4 17. Rhg1 b5 18. Nc5 Qxd3+ 19. Nxd3 b4 20. cxb4
Nxb4 21. Nxb4 Bxb4 22. Bxa7 O-O 23. Nd4 Ra8 24. Nc6 Rxa7 25. Nxb4 Rc7 26.
Nc2 Rc4 27. Na3 Re4 28. Rc1 Rb8 29. Rc3 Re2 30. Rc2 Re3 31. Rgc1 Rxg3 32.
Rc8+ Rxc8 33. Rxc8+ Kh7 34. Nb5 Nxh4 35. a4 Nf3 36. a5 h4 37. a6 h3 38. a7
h2 39. a8=Q h1=Q+ 40. Ka2 Qf1 41. Rh8+ Kg6 42. f5+ Kxf5 43. Nd6+ Kg6 44.
Nxf7 Qc4+ 45. b3 Rg2+ 46. Ka3 Qc5+ 47. b4 Qc3+ { White resigns } 0-1

[Event "ICC tourney 2161 (75 10)"]
[Site "Internet Chess Club"]
[Date "2020.11.27"]
[Round "2"]
[White "APBrain"]
[Black "ParthP2003"]
[Result "1-0"]
[ICCResult "Black resigns"]
[WhiteElo "1594"]
[BlackElo "1708"]
[Opening "QGD: Cambridge Springs defense"]
[ECO "D52"]
[NIC "QO.15"]
[Time "14:46:20"]
[PlyCount "95"]
[TimeControl "4500+10"]


1. d4 d5 2. c4 e6 3. Nf3 Nf6 4. Nc3 c6 5. Bg5 Nbd7 6. e3 Qa5 7. Bd3 Bb4 8.
O-O Bxc3 9. bxc3 Qxc3 10. Rc1 Qa5 11. cxd5 exd5 12. Qc2 h6 13. Bf4 O-O 14.
Bd6 Re8 15. Nh4 Ne4 16. Bxe4 Rxe4 17. Nf5 Qd8 18. f3 Re8 19. e4 dxe4 20.
fxe4 Nf8 21. e5 Qg5 22. Rf3 Bxf5 23. Rxf5 Qe3+ 24. Kh1 Qxd4 25. Rcf1 Nd7
26. Rd1 Qg4 27. Rdf1 Qg6 28. Qb3 Kh8 29. Rxf7 Nb6 30. Bf8 Qxf7 31. Rxf7
Rxf8 32. Rxf8+ Rxf8 33. h3 Rf5 34. Qe6 Rf1+ 35. Kh2 Re1 36. Qf5 Nd5 37. e6
Re3 38. Qf7 b5 39. Qb7 Nf6 40. Qxc6 b4 41. Qc8+ Kh7 42. Kg1 Re2 43. Qa6 Rb2
44. e7 b3 45. axb3 Rxb3 46. Qxf6 gxf6 47. e8=Q Rb7 48. Qe4+ { Black resigns
} 1-0

[Event "ICC tourney 2161 (75 10)"]
[Site "Internet Chess Club"]
[Date "2020.11.27"]
[Round "2"]
[White "ShanksGames"]
[Black "FlowingMelody"]
[Result "1-0"]
[ICCResult "Black resigns"]
[WhiteElo "1591"]
[BlackElo "1317"]
[Opening "Vienna gambit"]
[ECO "C29"]
[NIC "VG.04"]
[Time "14:46:30"]
[PlyCount "105"]
[TimeControl "4500+10"]


1. e4 e5 2. Nc3 Nf6 3. f4 exf4 4. e5 Ng8 5. Nf3 d6 6. d4 dxe5 7. Qe2 Qe7 8.
dxe5 Be6 9. Bxf4 Nc6 10. O-O-O Rd8 11. a3 Rxd1+ 12. Qxd1 Qd7 13. Bd3 Bc5
14. Qe2 Nd4 15. Nxd4 Bxd4 16. Rd1 Bg4 17. e6 Qxe6 18. Qxe6+ Bxe6 19. Bxc7
Bxc3 20. Bb5+ Ke7 21. bxc3 Nh6 22. Bd6+ Kf6 23. Rf1+ Kg6 24. Bd3+ Bf5 25.
Bc4 Rc8 26. Rf4 b5 27. Bxb5 Rxc3 28. Rc4 Rxc4 29. Bxc4 Ng4 30. Bf4 Kf6 31.
Ba6 g5 32. Bb8 Ne3 33. Bxa7 Nxc2 34. Kb2 Ne1 35. Bb7 Nd3+ 36. Kc3 Ne5 37.
Bd4 Bd7 38. Kb4 Kf5 39. Bxe5 Kxe5 40. a4 Bxa4 41. Kxa4 f5 42. Kb3 g4 43.
Kc3 f4 44. Kd3 h5 45. Ke2 h4 46. Kf1 h3 47. g3 fxg3 48. hxg3 Kf5 49. Kf2
Kg5 50. Ke3 Kf5 51. Be4+ Kg5 52. Bd3 Kf6 53. Kf4 { Black resigns } 1-0

[Event "ICC tourney 2161 (75 10)"]
[Site "Internet Chess Club"]
[Date "2020.11.27"]
[Round "2"]
[White "joeandjoe56"]
[Black "Maanast"]
[Result "1-0"]
[ICCResult "Black forfeits on time"]
[WhiteElo "1736"]
[BlackElo "1543"]
[Opening "French: Tarrasch, closed variation"]
[ECO "C05"]
[NIC "FR.17"]
[Time "14:46:40"]
[PlyCount "81"]
[TimeControl "4500+10"]


1. e4 e6 2. d4 d5 3. Nd2 Nf6 4. e5 Nfd7 5. Bd3 c5 6. c3 Nc6 7. Ne2 Be7 8.
O-O O-O 9. Nf3 f6 10. exf6 Nxf6 11. Re1 Bd6 12. Bf4 Qc7 13. Bxd6 Qxd6 14.
Ng3 Bd7 15. a3 Rae8 16. Qd2 e5 17. dxe5 Nxe5 18. Nxe5 Rxe5 19. Rxe5 Qxe5
20. Re1 Qd6 21. Qg5 h6 22. Qg6 Be8 23. Qf5 Bd7 24. Qe5 Qb6 25. Nf5 Bxf5 26.
Qxf5 Qxb2 27. Qe6+ Kh8 28. Qe7 Nh7 29. Rf1 Rc8 30. Qd7 Rf8 31. Qd6 Rf6 32.
Qxc5 Qd2 33. Qxd5 Qxc3 34. Bc4 Rf8 35. Rd1 Qc2 36. Qd4 Nf6 37. h3 Ne4 38.
Rf1 Nd2 39. Qd6 Rf6 40. Qd8+ Kh7 41. Bd3+ { Black forfeits on time } 1-0

[Event "ICC tourney 2161 (75 10)"]
[Site "Internet Chess Club"]
[Date "2020.11.27"]
[Round "2"]
[White "Vinny773175"]
[Black "ChessMindTT"]
[Result "1-0"]
[ICCResult "Black resigns"]
[WhiteElo "1782"]
[BlackElo "1417"]
[Opening "Ruy Lopez: closed defense"]
[ECO "C84"]
[NIC "RL.13"]
[Time "14:46:43"]
[PlyCount "147"]
[TimeControl "4500+10"]


1. e4 e5 2. Nf3 Nc6 3. Bb5 a6 4. Ba4 Nf6 5. O-O Be7 6. c3 d6 7. d3 O-O 8.
h3 b5 9. Bc2 Bb7 10. Re1 Re8 11. Nbd2 Bf8 12. Nf1 Nb8 13. Ng3 g6 14. Be3
Bg7 15. Qd2 Nbd7 16. a4 c5 17. Bg5 Qc7 18. axb5 axb5 19. Rxa8 Rxa8 20. d4
cxd4 21. cxd4 Ne8 22. Rc1 Qa5 23. d5 Qxd2 24. Bxd2 Nc5 25. b4 Na4 26. Bd3
Ba6 27. Rc2 Kf8 28. Bc1 Ke7 29. Nd2 Bh6 30. Ba3 Kd7 31. Nb3 Rc8 32. Rxc8
Kxc8 33. Na5 Bd2 34. Nf1 Bc3 35. Ne3 Nb2 36. Be2 Nf6 37. Bxb2 Bxb2 38. Bd3
Bc3 39. Nc2 Nh5 40. g3 Kc7 41. Nc6 Nf6 42. Kg2 Nd7 43. Na3 Kb6 44. f4 f6
45. Kf3 Bb2 46. Nc2 Bb7 47. Nd8 Ba6 48. Nc6 Bb7 49. Nd8 Ba6 50. f5 g5 51.
Kg4 Nf8 52. Kh5 Kc7 53. Nc6 Bc1 54. g4 Bf4 55. h4 gxh4 56. Kxh4 h6 57. Na3
Kb6 58. Nd8 Bd2 59. Nc2 Bf4 60. Nf7 Kc7 61. Na3 Bg5+ 62. Nxg5 hxg5+ 63. Kh5
Kb6 64. Kh6 Nd7 65. Kg7 Kc7 66. Bxb5 Bxb5 67. Nxb5+ Kd8 68. Kf7 Nb6 69.
Kxf6 Nc4 70. Ke6 Ne3 71. Nxd6 Nxg4 72. Nf7+ Ke8 73. Nxg5 Nf2 74. Kxe5 {
Black resigns } 1-0

[Event "ICC tourney 2161 (75 10)"]
[Site "Internet Chess Club"]
[Date "2020.11.27"]
[Round "2"]
[White "cdj12417489"]
[Black "tightfist"]
[Result "0-1"]
[ICCResult "White forfeits on time"]
[WhiteElo "1259"]
[BlackElo "1507"]
[Opening "Lengfellner system"]
[ECO "C01"]
[NIC "FR.01"]
[Time "14:46:53"]
[PlyCount "92"]
[TimeControl "4500+10"]


1. e4 e6 2. d4 d6 3. Nf3 d5 4. e5 c5 5. Bb5+ Bd7 6. Bxd7+ Qxd7 7. O-O cxd4
8. Qxd4 Nc6 9. Qg4 Nge7 10. Be3 Ng6 11. Qg3 Qc7 12. Bf4 Nxf4 13. Qxf4 O-O-O
14. Re1 Nb4 15. Na3 Kb8 16. Qd2 Rc8 17. c3 Nc6 18. Nb5 Qd7 19. b4 Nxb4 20.
Nd6 Bxd6 21. cxb4 Bc7 22. a4 a6 23. Qb2 Bb6 24. Reb1 Rc4 25. a5 Ba7 26. Ra3
Rhc8 27. Rf1 h6 28. h3 Qb5 29. Rb3 Rc2 30. Qb1 Re2 31. Rb2 Re4 32. Re1
Rxe1+ 33. Nxe1 Bd4 34. Rc2 Bxe5 35. Rxc8+ Kxc8 36. Nf3 Bf6 37. Qc2+ Kd7 38.
Qd2 Qc4 39. Ne1 Bc3 40. Qc2 Bxe1 41. Qxc4 dxc4 42. Kf1 Bxb4 43. Ke2 Kd6 44.
Ke3 Kd5 45. Ke2 Kd4 46. Kd1 Kd3 { White forfeits on time } 0-1

[Event "ICC tourney 2161 (75 10)"]
[Site "Internet Chess Club"]
[Date "2020.11.27"]
[Round "2"]
[White "kittycat35"]
[Black "kwarrier"]
[Result "0-1"]
[ICCResult "White resigns"]
[WhiteElo "1717"]
[BlackElo "1472"]
[Opening "Pirc: classical (two knights) system"]
[ECO "B06"]
[NIC "PU.10"]
[Time "14:47:11"]
[PlyCount "137"]
[TimeControl "4500+10"]


1. e4 g6 2. d4 Bg7 3. Nc3 d6 4. Nf3 Nf6 5. Bc4 O-O 6. Bf4 Nc6 7. O-O Nh5 8.
Be3 e5 9. dxe5 Nxe5 10. Nxe5 Bxe5 11. Bd4 Qg5 12. Bxe5 dxe5 13. Kh1 Nf4 14.
Qf3 c6 15. Qg3 Qxg3 16. hxg3 Be6 17. Bb3 Bxb3 18. axb3 Ne6 19. Ne2 Rfd8 20.
Rfd1 a5 21. Rxd8+ Rxd8 22. Rxa5 Rd2 23. Ng1 Rxc2 24. f3 Rxb2 25. Rxe5 b6
26. f4 Rxb3 27. f5 gxf5 28. exf5 Nd4 29. f6 Kf8 30. Rh5 Rxg3 31. Rxh7 Nf5
32. Nf3 Rg6 33. Rh8+ Rg8 34. Rh7 Nd6 35. Ne5 c5 36. Nd7+ Ke8 37. Nxb6 Ne4
38. Rh6 Kd8 39. Nc4 Kd7 40. Ne3 Rg3 41. Nd5 Kd6 42. Nf4 c4 43. Nh5 c3 44.
Rh8 c2 45. Nxg3 Nxg3+ 46. Kh2 Ne4 47. Rc8 Nc5 48. Rf8 Ke6 49. Re8+ Kd7 50.
Re7+ Kd8 51. Re1 Nd3 52. Rf1 c1=Q 53. Rxc1 Nxc1 54. Kg3 Kd7 55. Kf4 Ke6 56.
Kg5 Nd3 57. g3 Ne5 58. g4 Nf3+ 59. Kf4 Ne5 60. g5 Kd5 61. Kf5 Ng6 62. Kg4
Ke4 63. Kh5 Kf5 64. Kh6 Ne5 65. Kh5 Nf3 66. Kh6 Nxg5 67. Kg7 Ke5 68. Kh6
Kxf6 69. Kh5 { White resigns } 0-1